 Seeded DCSS version 0.31-a0-557-g6e16503903 (webtiles) character file.

Game seed: 16161720884980326079 (custom seed)

13 innerfire43 the Cudgeller (level 2, -2/28 HPs)
             Began as a Naga Monk on Aug 16, 2023.
             Was the Champion of Ignis.
             Slain by Terence
             ... wielding a +0 morningstar
              (10 damage)
             ... on level 2 of the Dungeon.
             The game lasted 00:00:55 (677 turns).

innerfire43 the Cudgeller (Naga Monk)                Turns: 677, Time: 00:00:55

Health: -2/28      AC:  1    Str: 13    XL:     2   Next: 37%
Magic:  2/2        EV: 10    Int: 10    God:    Ignis [******]
Gold:   35         SH:  0    Dex: 13    Spells: 1/1 levels left

rFire   + . .        a - +0 mace
rCold   . . .        d - orb {light}
rNeg    . . .        b - +0 robe
rPois   +            (no helmet)
rElec   .            (no cloak)
rCorr   .            (no gloves)
SInv    +            (no barding)
Will    .....        (no amulet)
Stlth   +            (no ring)
HPRegen 0.24/turn    (no ring)
MPRegen 0.08/turn

%: no passive effects
@: confused, ambrosia-drunk, glowing, very slow
A: AC +0, large, see invisible, deformed body, poison resistance, slowness 2,
spit poison 1, naga tail 1
a: Spit Poison, Renounce Religion, Fiery Armour, Foxfire Swarm, Rising Flame


You were on level 2 of the Dungeon.
You worshipped Ignis.
Ignis was exalted by your worship.
You visited 1 branch of the dungeon, and saw 2 of its levels.

You collected 35 gold pieces.

Inventory:

Hand Weapons
 a - a +0 mace (weapon)
Armour
 b - a +0 robe (worn)
 d - an orb of light (worn)
 g - a +0 helmet
 j - a +0 scale mail
Scrolls
 e - a scroll of brand weapon {unknown}
 h - 2 scrolls of silence {unknown}
Potions
 c - a potion of ambrosia
 f - a potion of heal wounds {unknown}
 i - a potion of haste {unknown}


   Skills:
 + Level 3.2 Fighting
 + Level 3.2 Maces & Flails
 + Level 0.0 Armour
 + Level 2.6 Dodging


You had one spell level left.
You didn't know any spells.
Your spell library was empty.

Dungeon Overview and Level Annotations

Branches:
Dungeon (2/15)

Altars:
Ignis

Annotations:
D:2 Terence


Innate Abilities, Weirdness & Mutations

Your serpentine skin is tough. (AC +0)
You have supernaturally acute eyesight. (SInv)
Armour fits poorly on your strangely shaped body.
Your system is resistant to poisons. (rPois)
You cover ground very slowly.
You can spit poison.
You have a snake-like lower body.


Message History

You see here 3 stones.
There is a stone staircase leading down here.
You climb downwards.
There is a stone staircase leading up here.
Unknown command.
A kobold comes into view. It is wielding a +0 dagger.
The kobold shouts!
You hear a shout!
The kobold throws a stone.
The stone closely misses you.
A kobold is nearby!
A kobold is nearby!
You hit the kobold.
You kill the kobold!
No target in view!
Things that are here:
a +0 dagger; 4 stones; a kobold corpse Terence the Incautious comes into view.
He is wielding a +0 morningstar.
Terence shouts!
Terence looks scornfully at you.
A rat comes into view.
Terence moves out of view.
Terence hits you with a +0 morningstar!
Something unseen opens the door.
You hit Terence but do no damage.
A goblin comes into view. It is wielding a +0 club.
Terence closely misses you.
The goblin shouts!
You hit Terence but do no damage. Terence hits you with a +0 morningstar.
Terence hits you with a +0 morningstar.
Things that are here:
a +0 dagger; 4 stones; a kobold corpse Terence misses you.
You are confused.
You feel invigorated. Terence hits you with a +0 morningstar!
* * * LOW HITPOINT WARNING * * *
You bump into the rock wall.
Terence hits you with a +0 morningstar.
* * * LOW HITPOINT WARNING * * *
The rat twitches its whiskers.
You bump into the rock wall.
Terence hits you with a +0 morningstar.
* * * LOW HITPOINT WARNING * * *
You hit Terence but do no damage. Terence hits you with a +0 morningstar!
You die...

#...#<....#
#.#.#####.#
#.#.......#
#.#########
#.# #.# #.#
###
#.#######..+
#.##.@@rg..#
#.##.###...#
#.##.#.'r..+
#....#.#...#
######'#...#
. ..### ..
..# .. ..#
... ...#


You could see Terence, a goblin and a rat.

Vanquished Creatures
  A dart slug (D:1)
  An endoplasm (D:1)
  A hobgoblin (D:1)
  5 kobolds
  A quokka (D:1)
  A frilled lizard (D:1)
10 creatures vanquished.

Notes
Turn   | Place    | Note
-------+----------+-------------------------------------------
     0 | D:1      | innerfire43 the Naga Monk began the quest for the Orb.
     0 | D:1      | Reached XP level 1. HP: 21/21 MP: 1/1
    69 | D:1      | HP: 1/21 [quokka (5)]
   187 | D:1      | Found a faded altar of an unknown god.
   250 | D:1      | Reached XP level 2. HP: 21/28 MP: 2/2
   255 | D:1      | Prayed at the altar of an unknown god.
   255 | D:1      | Became a worshipper of Ignis, the Dying Flame
   255 | D:1      | Reached ****** piety under Ignis
   667 | D:2      | Noticed Terence
   677 | D:2      | Slain by Terence

Illustrated notes

Levels and vault maps discovered:
D:1:      nzn_arrival_settlement, layout_rooms,
          shapermc_ecumenical_altar_starsandcircs
D:2:      layout_basic, feat_on_display, uniq_jessica, uniq_robin,
          uniq_crazy_yiuf_cottage, uniq_terence

Action                     || total
---------------------------++-------
  Melee: Mace              ||    32
    Use: Potion            ||     1
 Armour: Robe              ||     4
  Dodge: Dodged            ||    19

Table legend: (Time is in decaauts)
 A = Elapsed time spent in this place.
 B = Non-inter-level travel time spent in this place.
 C = Inter-level travel time spent in this place.
 D = Time resting spent in this place.
 E = Time spent auto-exploring this place.
 F = Levels seen in this place.
 G = Mean time per level.
                   A        B        C        D        E       F      G
               +--------+--------+--------+--------+--------+-----+--------+
         Total |    867 |    842 |     25 |      0 |    694 |   2 |  433.5 |
       Dungeon |    867 |    842 |     25 |      0 |    694 |   2 |  433.5 |
               +--------+--------+--------+--------+--------+-----+--------+

Top non-repeatable levels by time:
     D:1: 809 daAuts
     D:2: 57 daAuts
